 Dungeon Crawl Stone Soup version 0.28.0-62-gf88900778d (webtiles) character file.

Game seed: 17712212898457854927

11763 cbfl8 the Cleaver (level 11, -1/126 HPs)
             Began as a Demonspawn Berserker on July 2, 2023.
             Was an Elder of Trog.
             Slain by a centaur warrior (4 damage)
             ... on level 10 of the Dungeon.
             The game lasted 00:09:21 (13244 turns).

cbfl8 the Cleaver (Demonspawn Berserker)           Turns: 13244, Time: 00:09:21

Health: -1/126     AC: 14    Str: 17    XL:     11   Next: 53%
Magic:  11/11      EV:  8    Int: 10    God:    Trog [****..]
Gold:   543        SH:  0    Dex: 16    Spells: 10/10 levels left

rFire   + . .      SeeInvis .   A - +0 war axe (vorpal)
rCold   . . .      Faith    .   (no shield)
rNeg    . . .      Spirit   .   e - +0 chain mail
rPois   .          Reflect  .   (helmet restricted)
rElec   .          Harm     .   y - scarf {+Inv}
rCorr   .          Rampage  .   (no gloves)
Will    .....                   (no boots)
Stlth   ..........              (no amulet)
HPRegen 0.31/turn               h - ring of protection from fire
MPRegen 0.12/turn               B - +4 ring of slaying

@: berserking, very quick
A: horns 1, thin metallic scales 2, powered by death 2, spiny 1
a: Renounce Religion, Evoke Invisibility, Berserk, Trog's Hand, Brothers in Arms


You were on level 10 of the Dungeon.
You worshipped Trog.
Trog was greatly pleased with you.
You visited 1 branch of the dungeon, and saw 12 of its levels.
You also visited: Sewer.

You collected 543 gold pieces.

Inventory:

Hand Weapons
 A - a +0 vorpal war axe (weapon)
Armour
 e - a +0 chain mail (worn)
 y - a scarf of invisibility (worn)
Jewellery
 f - an amulet of reflection
 h - a ring of protection from fire (left hand)
 t - a ring of see invisible
 B - a +4 ring of slaying (right hand)
Wands
 i - a wand of flame (20)
 v - a wand of paralysis (5)
 x - a wand of iceblast (5)
 F - a wand of mindburst (16)
Scrolls
 a - a scroll of torment {unknown}
 b - a scroll of fog
 g - a scroll of noise
 j - 7 scrolls of teleportation
 s - a scroll of summoning
 C - a scroll of enchant armour {unknown}
 D - 2 scrolls of fear {unknown}
 E - a scroll of magic mapping {unknown}
Potions
 c - 3 potions of magic {unknown}
 d - 3 potions of might {unknown}
 k - 2 potions of lignification {unknown}
 l - 2 potions of berserk rage {unknown}
 m - 2 potions of resistance {unknown}
 n - 2 potions of heal wounds {unknown}
 o - 6 potions of curing {unknown}
 p - 2 potions of mutation {unknown}
 q - 2 potions of invisibility {unknown}
 r - a potion of haste {unknown}
 u - 3 potions of flight {unknown}
 w - a potion of ambrosia {unknown}
 z - a potion of brilliance {unknown}


   Skills:
 + Level 7.2 Fighting
 + Level 10.0 Axes
 + Level 8.4 Armour
 - Level 1.7 Dodging
 * Level 7.4 Stealth
 * Level 7.5 Evocations


You had 10 spell levels left.
You didn't know any spells.
Your spell library was empty.

Dungeon Overview and Level Annotations

Branches:
Dungeon (12/15)            Temple (0/1) D:5            Lair (0/6) D:9
    Orc (0/2) D:12          Sewer (visited)

Altars:
Fedhas
Kikubaaqudgha
Nemelex Xobeh
The Shining One

Shops:
D:1 (   D:4 :

Annotations:
D:11 Sonja


Innate Abilities, Weirdness & Mutations

You have a pair of small horns on your head.
You are mostly covered in thin metallic scales. (AC +3)
You regenerate health from kills.
You are partially covered in sharp spines.


Message History

The centaur warrior shoots an arrow.
The arrow hits you!!
* * * LOW HITPOINT WARNING * * *
You barely miss the centaur warrior.
The centaur warrior unwields a +0 shortbow.
The centaur warrior hits you but does no damage.
The centaur warrior kicks you but does no damage.
You barely miss the centaur warrior. The centaur warrior barely misses you.
The centaur warrior kicks you but does no damage.
The centaur warrior is struck by your spines.
The centaur warrior hits you but does no damage.
The centaur warrior kicks you but does no damage.
You hit the centaur warrior.
The centaur warrior is moderately wounded.
The centaur warrior is struck by your spines.
The centaur warrior barely misses you.
The centaur warrior kicks you but does no damage.
You closely miss the centaur warrior.
The centaur warrior is moderately wounded.
The centaur warrior hits you!
* * * LOW HITPOINT WARNING * * *
The centaur warrior closely misses you. The centaur warrior hits you.
* * * LOW HITPOINT WARNING * * *
The centaur warrior misses you.
Okay, then.
Okay, then.
A red film seems to cover your vision as you go berserk!
You feel yourself moving faster!
You feel mighty!
The centaur warrior is struck by your spines.
The centaur warrior closely misses you.
The centaur warrior kicks you but does no damage.
You hit the centaur warrior.
The centaur warrior is moderately wounded.
The centaur warrior hits you!
* * * LOW HITPOINT WARNING * * *
The centaur warrior kicks you but does no damage.
You slash the centaur warrior! You headbutt the centaur warrior!
You punch the centaur warrior!
The centaur warrior is almost dead.
The centaur warrior hits you.
You die...

.......................
........................
........................
........................
........................
........................
........................
........#####...........
.......## ####@..####
........# #c.##
#######.# #.## ## .## #


You could see a centaur warrior.

Vanquished Creatures
  A two-headed ogre (D:9)
  Pikel (D:8)
  A manticore (D:11)
  2 cyclopes
  4 slime creatures (D:12)
  A kobold demonologist (D:6)
  A komodo dragon (D:12)
  A troll (D:10)
  A hornet (D:8)
  5 wyverns
  A wraith (D:9)
  Eustachio (D:5)
  10 yaks
  2 steam dragons
  Edmund (D:6)
  4 water moccasins
  Duvessa (D:6)
  3 orc warriors
  A hornet zombie (D:9)
  An ice beast (D:6)
  A necrophage (D:7)
  2 ogres (D:5)
  A centaur (D:10)
  A lemure (D:8)
  A phantom (D:4)
  8 kobold brigands
  2 bullfrogs (D:8)
  2 gnoll sergeants
  A scorpion (D:5)
  Dowan (D:6)
  A water moccasin skeleton (D:6)
  9 killer bees (D:9)
  7 wights
  3 howler monkeys
  3 bullfrog zombies
  2 centaur zombies
  Crazy Yiuf (D:5)
  5 orc priests
  5 hounds
  Jessica (D:3)
  6 iguanas
  A centaur skeleton (D:7)
  5 orc wizards
  A howler monkey zombie (D:9)
  Robin (D:4)
  A howler monkey skeleton (D:5)
  7 gnolls
  16 adders
  A white imp (D:6)
  2 ufetubi (D:6)
  2 dart slugs
  2 worms
  22 orcs
  10 ball pythons
  5 endoplasms
  12 giant cockroaches
  7 goblins
  10 hobgoblins
  7 jackals (D:2)
  41 kobolds
  3 quokkas
  7 bats
  3 frilled lizards
  5 rats
277 creatures vanquished.

Vanquished Creatures (collateral kills)
  2 yaks (D:12)
  An orc warrior (D:12)
3 creatures vanquished.

Vanquished Creatures (others)
  A bush (D:9)
  19 fungi
  16 plants
36 creatures vanquished.

Grand Total: 316 creatures vanquished

Notes
Turn   | Place    | Note
-------+----------+-------------------------------------------
     0 | D:1      | cbfl8 the Demonspawn Berserker began the quest for the Orb.
     0 | D:1      | Reached XP level 1. HP: 18/18 MP: 1/1
    59 | D:1      | Found Poadehon's Antique Weapon Emporium.
   465 | D:1      | Gained mutation: You are partially covered in thin metallic
                  | scales. (AC +2) [demonic ancestry]
   465 | D:1      | Reached XP level 2. HP: 17/24 MP: 2/2
   927 | D:2      | Reached skill level 3 in Axes
  1222 | D:2      | Reached skill level 1 in Evocations
  1223 | D:2      | Gained mutation: You regenerate a little health from kills.
                  | [demonic ancestry]
  1223 | D:2      | Reached XP level 3. HP: 28/29 MP: 3/3
  1549 | D:2      | Reached skill level 1 in Stealth
  1987 | D:2      | Reached ** piety under Trog
  2115 | D:2      | Reached XP level 4. HP: 32/35 MP: 4/4
  2322 | D:3      | Found a sparkling altar of Nemelex Xobeh.
  2832 | D:3      | Gained mutation: You are partially covered in sharp spines.
                  | [demonic ancestry]
  2832 | D:3      | Reached XP level 5. HP: 42/42 MP: 5/5
  2956 | D:3      | Noticed Jessica
  2964 | D:3      | Killed Jessica
  3357 | D:3      | Reached skill level 4 in Axes
  3508 | D:4      | Noticed a phantom
  3519 | D:4      | Killed a phantom
  3520 | D:4      | Gained mutation: You have a pair of small horns on your
                  | head. [demonic ancestry]
  3520 | D:4      | Reached XP level 6. HP: 39/48 MP: 6/6
  3660 | D:4      | Found Zyfean's Self-Improvement Boutique.
  3713 | D:4      | Noticed Robin
  3727 | D:4      | Killed Robin
  3811 | D:5      | Entered Level 5 of the Dungeon
  3892 | D:5      | Found a glowing drain.
  3911 | Sewer    | Entered a sewer
  3987 | Sewer    | Reached *** piety under Trog
  4210 | Sewer    | Gained mutation: You are mostly covered in thin metallic
                  | scales. (AC +3) [demonic ancestry]
  4210 | Sewer    | Reached XP level 7. HP: 36/54 MP: 7/7
  4531 | D:5      | Found a blossoming altar of Fedhas.
  4830 | D:5      | Reached skill level 5 in Axes
  4965 | D:5      | Reached XP level 8. HP: 43/61 MP: 8/8
  5282 | D:5      | Noticed Eustachio
  5296 | D:5      | Killed Eustachio
  5374 | D:5      | Found a staircase to the Ecumenical Temple.
  5612 | D:5      | Found a runed translucent door.
  5613 | D:5      | Noticed Crazy Yiuf
  5870 | D:5      | Killed Crazy Yiuf
  6706 | D:6      | Reached skill level 5 in Armour
  6732 | D:6      | Noticed Duvessa
  6734 | D:6      | Noticed Dowan
  6739 | D:6      | Reached skill level 5 in Fighting
  6739 | D:6      | Reached skill level 6 in Axes
  6740 | D:6      | Killed Dowan
  6749 | D:6      | Killed Duvessa
  6958 | D:6      | Noticed Edmund
  6969 | D:6      | Killed Edmund
  7305 | D:6      | Gained mutation: You regenerate health from kills. [demonic
                  | ancestry]
  7305 | D:6      | Reached XP level 9. HP: 41/68 MP: 9/9
  7875 | D:6      | Noticed a kobold demonologist
  7885 | D:6      | Killed a kobold demonologist
  7886 | D:6      | Reached skill level 5 in Evocations
  8169 | D:6      | Found an ancient bone altar of Kikubaaqudgha.
  8417 | D:7      | Reached skill level 5 in Stealth
  8719 | D:7      | Reached skill level 7 in Axes
  8884 | D:7      | Reached **** piety under Trog
  9714 | D:8      | Reached XP level 10. HP: 69/76 MP: 10/10
  9807 | D:8      | Noticed Pikel
  9816 | D:8      | Killed Pikel
  9817 | D:8      | Reached skill level 8 in Axes
  9975 | D:9      | Noticed a cyclops
 10220 | D:9      | Killed a cyclops
 10417 | D:9      | Found a staircase to the Lair.
 10783 | D:9      | Reached skill level 9 in Axes
 10949 | D:9      | Reached XP level 11. HP: 80/83 MP: 11/11
 10950 | D:9      | Reached ***** piety under Trog
 11017 | D:9      | Noticed a two-headed ogre
 11026 | D:9      | Killed a two-headed ogre
 11080 | D:9      | You fall into a shaft and drop 3 floors!
 11837 | D:12     | Found a staircase to the Orcish Mines.
 12484 | D:11     | Noticed Sonja
 12486 | D:10     | Entered Level 10 of the Dungeon
 13068 | D:10     | Reached skill level 10 in Axes
 13158 | D:10     | Identified the +9 flail "Tamiestra" {vorpal, Int+2}
 13234 | D:10     | Noticed a centaur warrior
 13243 | D:10     | HP: 3/126 [centaur warrior (12)]
 13244 | D:10     | Slain by a centaur warrior

Illustrated notes

Levels and vault maps discovered:
D:1:      amcnicky_arrival_choice, layout_basic, serial_shops,
          nicolae_shop_trees, minivault_24
D:2:      layout_basic, minmay_misc_feat_diagonals, solitary_fountain
D:3:      layout_loops_ring, lemuel_crystal_altar, minmay_snake_closets,
          uniq_jessica
D:4:      layout_basic, nicolae_shop_self_help, uniq_robin
D:5:      layout_loops_ring, fedhas_altar_3, temple_hall, gup_sewer_entry_pipe,
          chequers_serial_rivers_micro_c, uniq_crazy_yiuf_cottage,
          uniq_eustachio
D:6:      layout_basic, mainiacjoe_overflow_divided_tiny, serial_aquarium,
          aquarium_bridge_long_joined [aquarium_subvault_bridge,
          aquarium_subvault_wall, aquarium_subvault_bridge,
          aquarium_subvault_bridge, aquarium_subvault_bridge,
          aquarium_subvault_bridge], aquarium_bridge_straight
          [aquarium_subvault_bridge, aquarium_subvault_window,
          aquarium_subvault_bridge, aquarium_subvault_wall],
          aquarium_window_corridor_2, aquarium_window_fake, aquarium_view_2f,
          aquarium_view_2d, aquarium_balcony_double_1, uniq_edmund, uniq_duvessa
D:7:      layout_gridville, st_stairs_13, dk_vineyard_1,
          minmay_stone_trees_medium
D:8:      layout_cave_pools, st_stairs_14, uniq_pikel
D:9:      layout_rooms, minmay_lair_entry_grove, minmay_misc_feat_enclosed
D:10:     layout_layer_cave
D:11:     layout_roguey [special_room_orc], nicolae_trove_entry_columns,
          gammafunk_ghost_nasty_kobolds, uniq_josephine, uniq_psyche,
          uniq_sonja, uniq_fannar
D:12:     layout_gridville, minmay_orc_entry_temple_small

Skill      XL: |  1  2  3  4  5  6  7  8  9 10 11 |
---------------+----------------------------------+-----
Axes           | 3 4 5 6 7 9 10 | 10.0
Evocations     | 1 2 3 4 5 6 7 |  7.5
Stealth        | 1 2 3 4 5 6 7 |  7.4
Armour         | 2 3 4 5 6 7 8 |  8.4
Fighting       | 4 5 6 7 |  7.2
Dodging        | |  1.7

Action                   |  1- 3 |  4- 6 |  7- 9 | 10-12 || total
-------------------------+-------+-------+-------+-------++-------
Melee: Hand axe          |    85 |   178 |   258 |       ||   521
       Punch             |     1 |     4 |     9 |     3 ||    17
       Headbutt          |       |    15 |    62 |    41 ||   118
       War axe           |       |       |    48 |   195 ||   243
Invok: Berserk           |       |     3 |     8 |     8 ||    19
       Trog's Hand       |       |     1 |       |       ||     1
  Use: Scroll            |       |     2 |     5 |     4 ||    11
Armor: Chain mail        |    48 |   104 |   157 |   117 ||   426
       Animal skin       |     1 |       |       |       ||     1
Dodge: Dodged            |    29 |    61 |   103 |    82 ||   275
